 Dungeon Crawl Stone Soup version 0.22.0-49-gab54619 (webtiles) character file.

12 Lew the Shield-Bearer (level 2, 0/29 HPs)
             Began as a Gnoll Fighter on Sept 5, 2018.
             Slain by Sigmund
             ... wielding a +0 scythe
              (11 damage)
             ... on level 2 of the Dungeon.
             The game lasted 00:00:46 (376 turns).

Lew the Shield-Bearer (Gnoll Fighter)                Turns: 376, Time: 00:00:46

Health: 0/29       AC:  7    Str: 18    XL:     2   Next: 33%
Magic:  2/2        EV:  8    Int: 10    God:
Gold:   55         SH: 11    Dex: 14    Spells: 1/1 levels left

rFire    . . .     SeeInvis .   a - +0 war axe
rCold    . . .     Gourm    .   c - +1 shield
rNeg     . . .     Faith    .   b - +0 scale mail
rPois    .         Spirit   .   (no helmet)
rElec    .         Reflect  .   (no cloak)
rCorr    .         Harm     .   (no gloves)
MR       .....                  (no boots)
Stlth    ..........             (no amulet)
HPRegen  0.09/turn              (no ring)
MPRegen  0.08/turn              (no ring)

@: berserk cooldown, slowed, very slow
A: distributed training, fangs 1, strong nose
a: no special abilities


You were on level 2 of the Dungeon.
You were not hungry.

You visited 1 branch of the dungeon, and saw 2 of its levels.

You collected 55 gold pieces.

Inventory:

Hand Weapons
 a - a +0 war axe (weapon)
Armour
 b - a +0 scale mail (worn)
 c - a +1 shield (worn)
Scrolls
 e - a scroll of amnesia
Potions
 d - a potion of might
 g - a potion of curing
 j - a potion of mutation {unknown}
Comestibles
 f - 5 rations


   Skills:
 + Level 6.4 Fighting
 + Level 0.3 Short Blades
 + Level 0.3 Long Blades
 + Level 4.4 Axes
 + Level 0.3 Maces & Flails
 + Level 0.3 Polearms
 + Level 0.3 Staves
 + Level 0.3 Slings
 + Level 0.3 Bows
 + Level 0.3 Crossbows
 + Level 0.3 Throwing
 + Level 6.4 Armour
 + Level 0.3 Dodging
 + Level 0.3 Stealth
 + Level 6.4 Shields
 + Level 0.3 Unarmed Combat
 + Level 0.3 Spellcasting
 + Level 0.2 Conjurations
 + Level 0.2 Hexes
 + Level 0.2 Charms
 + Level 0.2 Summonings
 + Level 0.2 Necromancy
 + Level 0.2 Translocations
 + Level 0.2 Transmutations
 + Level 0.2 Fire Magic
 + Level 0.2 Ice Magic
 + Level 0.2 Air Magic
 + Level 0.2 Earth Magic
 + Level 0.2 Poison Magic
 + Level 0.4 Invocations
 + Level 0.3 Evocations


You had one spell level left.
You didn't know any spells.
Your spell library was empty.

Dungeon Overview and Level Annotations

Branches:
Dungeon (2/15)

Altars:

Annotations:
D:2 Sigmund


Innate Abilities, Weirdness & Mutations

Your experience applies equally to all skills.
You have very sharp teeth.
Your uncanny sense of smell can sniff out nearby items.


Message History

You feel a strong urge to attack something.
Sigmund the Dreaded comes into view.
He is wielding a scythe.
Found 18 stones.
Found a stone staircase leading up.
You feel your anger nearly subside.
Sigmund casts a spell.
Sigmund flickers and vanishes!
Deactivating autopickup; reactivate with Ctrl-A.
You are no longer berserk.
You are exhausted.
You feel yourself slow down.
No target in view!
Your shield and scale mail prevent you from hitting something.
You hear some strange, mumbled words.
A magic dart appears from out of thin air!
The magic dart hits you! Something hits you but does no damage.
You hit something but do no damage. Something hits you.
You closely miss something. Something hits you. Something hits you!
You closely miss something. You block something's attack.
You closely miss something. Something hits you!
You die...

. ####.# .. ..#.#
<. #.#.#
.##..###.#.#
...........####
.#....##.<....#
.........####...#
......##.####....
(..## #..@.......
. #..#{......
.............
####.##....... #.
###...# #. ∆...#
## ..# ..


There were no monsters in sight!

Vanquished Creatures
  2 goblins (D:1)
  2 hobgoblins (D:1)
  A kobold (D:1)
  5 bats (D:1)
  2 frilled lizards (D:1)
  A rat (D:1)
13 creatures vanquished.

Notes
Turn   | Place    | Note
-------+----------+-------------------------------------------
     0 | D:1      | Lew the Gnoll Fighter began the quest for the Orb.
     0 | D:1      | Reached XP level 1. HP: 23/23 MP: 1/1
   240 | D:1      | Reached XP level 2. HP: 29/29 MP: 2/2
   369 | D:2      | Noticed Sigmund
   376 | D:2      | Slain by Sigmund

Action                   || total
-------------------------++-------
Melee: War axe           ||    26
       Bite              ||     2
  Use: Scroll            ||     3
       Potion            ||     2
Armor: Scale mail        ||     9
Dodge: Dodged            ||     3
Block: Shield            ||    13
